TOP OF THE 1ST |
Calgary Cowboys batting - Pitching for Las Vegas Stars : RHP Ramón Pérez
|
Pitching: RHP Ramón Pérez
|
|
Batting: RHB Clark Hodge
|
0-0: Ball 1-0: Fly out, F8 (Flyball, 8RM)
|
Batting: RHB Mike Wilcox
|
0-0: Swinging Strike 0-1: Ball 1-1: Foul Ball, location: 2F 1-2: Ball 2-2: Ball 3-2: Strikes out swinging
|
Batting: RHB Dan Wyatt
|
0-0: Called Strike 0-1: Foul Ball, location: 2F 0-2: Foul Ball, location: 2F 0-2: Foul Ball, location: 2F 0-2: Fly out, F9 (Line Drive, 9S)
|
Top of the 1st over - 0 run(s), 0 hit(s), 0 error(s), 0 left on base; Calgary 0 - Las Vegas 0 |
BOTTOM OF THE 1ST |
Las Vegas Stars batting - Pitching for Calgary Cowboys : RHP Abraham Hes
|
Pitching: RHP Abraham Hes
|
|
Batting: RHB Ryan Campbell
|
0-0: DOUBLE (Groundball, 5L)
|
Batting: RHB Ron Shelton
|
0-0: Swinging Strike 0-1: Ball 1-1: Foul Ball, location: 2F 1-2: Ground out U3 (Groundball, 3L) Ryan Campbell to third
|
Batting: LHB Eliot Helen
|
0-0: Ball 1-0: Foul Ball, location: 2F 1-1: Ball 2-1: Ball 3-1: Foul Ball, location: 2F 3-2: Foul Ball, location: 2F 3-2: Base on Balls
|
Batting: RHB Mike Mills
|
0-0: Fly out, F8 (Flyball, 78M) Runner from 3rd tags up, SCORES, throw made
|
Batting: LHB Fernando De La Cruz
|
0-0: Foul Ball, location: 2F 0-1: Called Strike 0-2: Ball 1-2: Ball 2-2: Ball 3-2: Strikes out swinging
|
Bottom of the 1st over - 1 run(s), 1 hit(s), 0 error(s), 1 left on base; Calgary 0 - Las Vegas 1 |
TOP OF THE 2ND |
Calgary Cowboys batting - Pitching for Las Vegas Stars : RHP Ramón Pérez
|
Batting: RHB Cristián Peña
|
0-0: Foul Ball, location: 2F 0-1: Ball 1-1: Swinging Strike 1-2: Ball 2-2: Ball 3-2: Base on Balls
|
Batting: RHB Derek Carr
|
0-0: Ball 1-0: Foul Ball, location: 2F 1-1: Called Strike 1-2: Fly out, F8 (Flyball, 8LM)
|
Batting: LHB Freddy Herrera
|
Pickoff Throw to First - Out! 0-0: Ground out 4-3 (Groundball, 4)
|
Top of the 2nd over - 0 run(s), 0 hit(s), 0 error(s), 0 left on base; Calgary 0 - Las Vegas 1 |
BOTTOM OF THE 2ND |
Las Vegas Stars batting - Pitching for Calgary Cowboys : RHP Abraham Hes
|
Batting: RHB Matthieu Vancini
|
0-0: Called Strike 0-1: Ball 1-1: Swinging Strike 1-2: Foul Ball, location: 2F 1-2: Fly out, F8 (Flyball, 78M)
|
Batting: RHB Brian George
|
0-0: Called Strike 0-1: Ground out 5-3 (Groundball, 56S)
|
Batting: RHB José Zúñiga
|
0-0: Called Strike 0-1: Ball 1-1: Ground out 4-3 (Groundball, 34)
|
Bottom of the 2nd over - 0 run(s), 0 hit(s), 0 error(s), 0 left on base; Calgary 0 - Las Vegas 1 |
TOP OF THE 3RD |
Calgary Cowboys batting - Pitching for Las Vegas Stars : RHP Ramón Pérez
|
Batting: RHB Iain Liefting
|
0-0: Swinging Strike 0-1: Called Strike 0-2: Foul Ball, location: 2F 0-2: Ball 1-2: Foul Ball, location: 2F 1-2: Foul Ball, location: 2F 1-2: Ball 2-2: Ball 3-2: Base on Balls
|
Batting: RHB Jesús Hernández
|
0-0: Swinging Strike 0-1: Swinging Strike 0-2: Ball 1-2: SINGLE (Line Drive, 5L) Iain Liefting to second
|
Batting: RHB Tom Yarbrough
|
0-0: Foul Ball, location: 2F 0-1: Ball 1-1: Foul Ball, location: 2F 1-2: Strikes out swinging
|
Batting: RHB Clark Hodge
|
0-0: Ball 1-0: Called Strike 1-1: Foul Ball, location: 2F 1-2: Ball 2-2: Ball 3-2: Foul Ball, location: 2F 3-2: Strikes out swinging
|
Batting: RHB Mike Wilcox
|
0-0: Foul Ball, location: 2F 0-1: Called Strike 0-2: Ball 1-2: SINGLE (Groundball, 4MD) Iain Liefting to third Jesús Hernández to second Runner from 3rd tries for Home, SAFE, no throw or cutoff
|
Batting: RHB Dan Wyatt
|
0-0: Swinging Strike 0-1: Ball 1-1: Ball 2-1: Foul Ball, location: 2F 2-2: Ball 3-2: SINGLE (Groundball, 6) Jesús Hernández to third Mike Wilcox to second Jesús Hernández scores Mike Wilcox to third
|
Batting: RHB Cristián Peña
|
0-0: Ball 1-0: Foul Ball, location: 2F 1-1: Fly out, F7 (Flyball, 78XD)
|
Top of the 3rd over - 2 run(s), 3 hit(s), 0 error(s), 2 left on base; Calgary 2 - Las Vegas 1 |
BOTTOM OF THE 3RD |
Las Vegas Stars batting - Pitching for Calgary Cowboys : RHP Abraham Hes
|
Batting: RHB Bud Major
|
0-0: Called Strike 0-1: Called Strike 0-2: Strikes out swinging
|
Batting: RHB Ryan Campbell
|
0-0: Ball 1-0: Ball 2-0: Swinging Strike 2-1: Ball 3-1: Base on Balls
|
Batting: RHB Ron Shelton
|
0-0: Called Strike 0-1: SINGLE (Groundball, 34) Ryan Campbell to second Ryan Campbell to third
|
Batting: LHB Eliot Helen
|
0-0: Called Strike 0-1: SINGLE (Line Drive, 4M) Ryan Campbell scores Ron Shelton to second
|
Batting: RHB Mike Mills
|
0-0: SINGLE (Flyball, 7S) Ron Shelton to third Eliot Helen to second Runner from 3rd tries for Home, SAFE, throw made at trailing runner, OUT at third!
|
Batting: LHB Fernando De La Cruz
|
0-0: Called Strike 0-1: Foul Ball, location: 2F 0-2: Ball 1-2: Foul Ball, location: 2F 1-2: SINGLE (Line Drive, 5L) Mike Mills to second
|
Batting: RHB Matthieu Vancini
|
0-0: Ball 1-0: Ball 2-0: Foul Ball, location: 2F 2-1: SINGLE (Line Drive, 4MD) Mike Mills to third Fernando De La Cruz to second
|
Batting: RHB Brian George
|
0-0: Ball 1-0: Foul Ball, location: 2F 1-1: Ball 2-1: Ball 3-1: Foul Ball, location: 2F 3-2: Base on Balls Mike Mills scores Fernando De La Cruz to third Matthieu Vancini to second
|
Batting: RHB José Zúñiga
|
0-0: Swinging Strike 0-1: Swinging Strike 0-2: Ball 1-2: Ball 2-2: Ball 3-2: Strikes out swinging
|
Bottom of the 3rd over - 3 run(s), 5 hit(s), 0 error(s), 3 left on base; Calgary 2 - Las Vegas 4 |
TOP OF THE 4TH |
Calgary Cowboys batting - Pitching for Las Vegas Stars : RHP Ramón Pérez
|
Batting: RHB Derek Carr
|
0-0: Ball 1-0: Foul Ball, location: 2F 1-1: Swinging Strike 1-2: Foul Ball, location: 2F 1-2: Foul Ball, location: 2F 1-2: Strikes out swinging
|
Batting: LHB Freddy Herrera
|
0-0: Ground out 4-3 (Groundball, 13)
|
Batting: RHB Iain Liefting
|
0-0: Ball 1-0: Called Strike 1-1: Fly out, F9 (Flyball, 9S)
|
Top of the 4th over - 0 run(s), 0 hit(s), 0 error(s), 0 left on base; Calgary 2 - Las Vegas 4 |
BOTTOM OF THE 4TH |
Las Vegas Stars batting - Pitching for Calgary Cowboys : RHP Abraham Hes
|
Batting: RHB Bud Major
|
0-0: Ball 1-0: SINGLE (Line Drive, 6M)
|
Batting: RHB Ryan Campbell
|
0-0: Ball 1-0: Ball 2-0: Ball 3-0: Called Strike 3-1: Base on Balls Bud Major to second
|
Batting: RHB Ron Shelton
|
0-0: Ball 1-0: Ball 2-0: SINGLE (Groundball, 4D) Bud Major to third Ryan Campbell to second Runner from 3rd tries for Home, throw and OUT!
|
Batting: LHB Eliot Helen
|
0-0: Called Strike 0-1: Ball 1-1: Called Strike 1-2: Foul Ball, location: 2F 1-2: Strikes out swinging
|
Batting: RHB Mike Mills
|
0-0: Ball 1-0: Ball 2-0: Ball 3-0: Base on Balls Ryan Campbell to third Ron Shelton to second
|
Batting: LHB Fernando De La Cruz
|
0-0: Called Strike 0-1: Ball 1-1: Ball 2-1: Swinging Strike 2-2: Foul Ball, location: 2F 2-2: Foul Ball, location: 2F 2-2: Ground out 4-3 (Groundball, 34)
|
Bottom of the 4th over - 0 run(s), 2 hit(s), 0 error(s), 3 left on base; Calgary 2 - Las Vegas 4 |
TOP OF THE 5TH |
Calgary Cowboys batting - Pitching for Las Vegas Stars : RHP Ramón Pérez
|
Batting: RHB Jesús Hernández
|
0-0: SINGLE (Line Drive, 7LS)
|
Pitching: RHP Oliver Donahue
|
|
Batting: RHB Tom Yarbrough
|
0-0: Ball 1-0: Ball 2-0: Foul Ball, location: 2F 2-1: Foul Ball, location: 2F 2-2: Foul Ball, location: 2F 2-2: Strikes out swinging
|
Batting: RHB Clark Hodge
|
0-0: Ball 1-0: Ball 2-0: DOUBLE (Line Drive, 56D) Jesús Hernández to third Runner from 3rd tries for Home, SAFE, no throw or cutoff
|
Batting: RHB Mike Wilcox
|
0-0: Ground out 6-3 (Groundball, 6M) Clark Hodge to third
|
Batting: RHB Dan Wyatt
|
0-0: Called Strike 0-1: Foul Ball, location: 2F 0-2: Ground out 6-3 (Groundball, 6)
|
Top of the 5th over - 1 run(s), 2 hit(s), 0 error(s), 1 left on base; Calgary 3 - Las Vegas 4 |
BOTTOM OF THE 5TH |
Las Vegas Stars batting - Pitching for Calgary Cowboys : RHP Abraham Hes
|
Pitching: RHP Richard Boyd
|
|
Batting: RHB Matthieu Vancini
|
0-0: Ball 1-0: Ball 2-0: Ball 3-0: Base on Balls
|
Batting: RHB Brian George
|
0-0: Foul Ball, location: 2F 0-1: Swinging Strike 0-2: SINGLE (Line Drive, 78S) Matthieu Vancini to second
|
Batting: RHB José Zúñiga
|
0-0: Called Strike 0-1: Ball 1-1: Ball 2-1: Called Strike 2-2: Foul Ball, location: 2F 2-2: Foul Ball, location: 2F 2-2: Ground out 2-3 (Groundball, 25) Matthieu Vancini to third Brian George to second
|
Batting: RHB Bud Major
|
0-0: Ball 1-0: Ball 2-0: Foul Ball, location: 2F 2-1: Ball 3-1: SINGLE (Groundball, 56D) Matthieu Vancini scores Brian George to third
|
Batting: RHB Ryan Campbell
|
0-0: Ball 1-0: Called Strike 1-1: Ball 2-1: Foul Ball, location: 2F 2-2: Strikes out looking
|
Batting: RHB Ron Shelton
|
0-0: Ball 1-0: Ball 2-0: Ball 3-0: Base on Balls Bud Major to second
|
Batting: LHB Eliot Helen
|
0-0: Called Strike 0-1: Ball 1-1: Ball 2-1: SINGLE (Flyball, 6MD) Brian George scores Bud Major to third Ron Shelton to second Runner from 3rd tries for Home, SAFE, throw made home Ron Shelton to third Eliot Helen to second
|
Batting: RHB Mike Mills
|
0-0: Foul Ball, location: 2F 0-1: Ball 1-1: Ball 2-1: Ground out 5-3 (Groundball, 56)
|
Bottom of the 5th over - 3 run(s), 3 hit(s), 0 error(s), 2 left on base; Calgary 3 - Las Vegas 7 |
TOP OF THE 6TH |
Calgary Cowboys batting - Pitching for Las Vegas Stars : RHP Oliver Donahue
|
Batting: RHB Cristián Peña
|
0-0: Ball 1-0: Called Strike 1-1: Swinging Strike 1-2: DOUBLE (Flyball, 89D)
|
Batting: RHB Derek Carr
|
0-0: Ball 1-0: Fly out, F8 (Flyball, 8RD) Runner from 2nd tags up, SAFE at 3rd, no throw
|
Batting: LHB Freddy Herrera
|
0-0: Ball 1-0: DOUBLE (Line Drive, 9LM) Cristián Peña scores
|
Batting: RHB Iain Liefting
|
0-0: Ball 1-0: Ball 2-0: Ball 3-0: Called Strike 3-1: Called Strike 3-2: Strikes out swinging
|
Batting: RHB Jesús Hernández
|
0-0: Called Strike 0-1: Ball 1-1: SINGLE (Groundball, 56D) Freddy Herrera to third Runner from 3rd tries for Home, SAFE, no throw or cutoff
|
Batting: RHB Tom Yarbrough
|
0-0: Foul Ball, location: 2F 0-1: Ball 1-1: SINGLE (Groundball, 4M) Jesús Hernández to second Runner from 2nd tries for 3rd, SAFE, no throw or cutoff
|
Batting: RHB Clark Hodge
|
0-0: Ball 1-0: Ball 2-0: SINGLE (Line Drive, 89S) Jesús Hernández scores Tom Yarbrough to second
|
Pitching: RHP Fred Ellis
|
|
Batting: RHB Mike Wilcox
|
0-0: Ball 1-0: Ball 2-0: Foul Ball, location: 2F 2-1: SINGLE (Flyball, 78S) Tom Yarbrough to third Clark Hodge to second Runner from 3rd tries for Home, SAFE, no throw or cutoff
|
Batting: RHB Dan Wyatt
|
0-0: Called Strike 0-1: Called Strike 0-2: Ball 1-2: Ball 2-2: SINGLE (Line Drive, 9LS) Clark Hodge to third Mike Wilcox to second Runner from 3rd tries for Home, SAFE, no throw or cutoff
|
Batting: RHB Cristián Peña
|
0-0: Swinging Strike 0-1: Foul Ball, location: 2F 0-2: Strikes out swinging
|
Top of the 6th over - 5 run(s), 7 hit(s), 0 error(s), 2 left on base; Calgary 8 - Las Vegas 7 |
BOTTOM OF THE 6TH |
Las Vegas Stars batting - Pitching for Calgary Cowboys : RHP Richard Boyd
|
Pitching: LHP Mario Rosário
|
|
Batting: LHB Fernando De La Cruz
|
0-0: Ball 1-0: Foul Ball, location: 2F 1-1: Swinging Strike 1-2: SOLO HOME RUN (Flyball, 89XD), Distance : 404 ft
|
Batting: RHB Matthieu Vancini
|
0-0: Called Strike 0-1: Ball 1-1: Ball 2-1: Ball 3-1: Fly out, F8 (Flyball, 89M)
|
Batting: RHB Brian George
|
0-0: Foul Ball, location: 2F 0-1: Ball 1-1: Ball 2-1: Ball 3-1: Base on Balls
|
Batting: RHB José Zúñiga
|
0-0: Ball 1-0: Ball 2-0: Ball 3-0: Called Strike 3-1: Base on Balls Brian George to second
|
Batting: RHB Bud Major
|
0-0: Ball 1-0: Foul Ball, location: 2F 1-1: Ball 2-1: Fly out, F8 (Line Drive, 89M) Runner from 2nd tags up, SAFE at 3rd with throw
|
Batting: RHB Ryan Campbell
|
0-0: Called Strike 0-1: Ball 1-1: Ball 2-1: Ball 3-1: Base on Balls José Zúñiga to second
|
Batting: RHB Ron Shelton
|
0-0: Ball 1-0: Foul Ball, location: 2F 1-1: Called Strike 1-2: Fly out, F7 (Flyball, 7M)
|
Bottom of the 6th over - 1 run(s), 1 hit(s), 0 error(s), 3 left on base; Calgary 8 - Las Vegas 8 |
TOP OF THE 7TH |
Calgary Cowboys batting - Pitching for Las Vegas Stars : RHP Fred Ellis
|
Pinch Hitting: RHB Ramón Martínez
|
0-0: Ball 1-0: Ball 2-0: Ball 3-0: Called Strike 3-1: Base on Balls
|
Batting: LHB Freddy Herrera
|
0-0: Ball 1-0: Sac Bunt - play at first, batter OUT! 1-4 Ramón Martínez to second
|
Batting: RHB Iain Liefting
|
0-0: Foul Ball, location: 2F 0-1: Called Strike 0-2: Ball Wild Pitch! Ramón Martínez to third 1-2: Ball 2-2: Foul Ball, location: 2F 2-2: Strikes out swinging
|
Batting: RHB Jesús Hernández
|
0-0: Called Strike 0-1: Ball 1-1: Foul Ball, location: 2F 1-2: Strikes out swinging
|
Top of the 7th over - 0 run(s), 0 hit(s), 0 error(s), 1 left on base; Calgary 8 - Las Vegas 8 |
BOTTOM OF THE 7TH |
Las Vegas Stars batting - Pitching for Calgary Cowboys : LHP Mario Rosário
|
Now in LF: Luis Peña
|
|
Pinch Hitting: RHB Orlando García
|
0-0: Ball 1-0: Ground out 6-3 (Groundball, 6M)
|
Batting: RHB Mike Mills
|
0-0: Fly out, F6 (Line Drive, 6)
|
Batting: LHB Fernando De La Cruz
|
0-0: Ball 1-0: Ball 2-0: Ball 3-0: Base on Balls
|
Batting: RHB Matthieu Vancini
|
0-0: Called Strike 0-1: Ball 1-1: Foul Ball, location: 2F 1-2: Foul Ball, location: 2F 1-2: Foul Ball, location: 2F 1-2: Ground out 5-3 (Groundball, 56)
|
Bottom of the 7th over - 0 run(s), 0 hit(s), 0 error(s), 1 left on base; Calgary 8 - Las Vegas 8 |
TOP OF THE 8TH |
Calgary Cowboys batting - Pitching for Las Vegas Stars : RHP Fred Ellis
|
Now in CF: Albert Rodríguez
|
|
Pinch Hitting: RHB Shayne Burry
|
0-0: Called Strike 0-1: Ball 1-1: Foul Ball, location: 2F 1-2: Foul Ball, location: 2F 1-2: Strikes out swinging
|
Batting: RHB Clark Hodge
|
0-0: Ball 1-0: Ball 2-0: Fly out, F7 (Flyball, 78XD)
|
Batting: RHB Mike Wilcox
|
0-0: Called Strike 0-1: Foul Ball, location: 2F 0-2: SINGLE (Flyball, 7LM)
|
Batting: RHB Dan Wyatt
|
0-0: Ball Mike Wilcox steals 2nd base 1-0: Ball 2-0: Ball 3-0: Base on Balls
|
Batting: RHB Cristián Peña
|
0-0: Called Strike 0-1: SINGLE (Line Drive, 34D) Mike Wilcox to third Dan Wyatt to second Runner from 3rd tries for Home, SAFE, no throw or cutoff
|
Batting: RHB Luis Peña
|
0-0: Called Strike 0-1: Called Strike 0-2: Ball 1-2: Ball 2-2: Foul Ball, location: 2F 2-2: Strikes out looking
|
Top of the 8th over - 1 run(s), 2 hit(s), 0 error(s), 2 left on base; Calgary 9 - Las Vegas 8 |
BOTTOM OF THE 8TH |
Las Vegas Stars batting - Pitching for Calgary Cowboys : LHP Mario Rosário
|
Pitching: LHP Alfredo Durán
|
|
Now at SS: Tom Bentley
|
|
Batting: RHB Brian George
|
0-0: Ball 1-0: Ball 2-0: Called Strike 2-1: Fly out, F8 (Flyball, 8LS)
|
Pitching: RHP Mitsunari Jouda
|
|
Batting: RHB José Zúñiga
|
0-0: Ball 1-0: Swinging Strike 1-1: Ball 2-1: Ball 3-1: Base on Balls
|
Batting: RHB Bud Major
|
0-0: Ball 1-0: Ball 2-0: Ball 3-0: Called Strike 3-1: Foul Ball, location: 2F 3-2: Foul Ball, location: 2F 3-2: Foul Ball, location: 2F 3-2: Base on Balls José Zúñiga to second
|
Pinch Hitting: SHB Sloan James
|
0-0: Called Strike 0-1: Called Strike 0-2: Ball 1-2: Ball 2-2: Strikes out swinging
|
Batting: RHB Ron Shelton
|
0-0: Called Strike 0-1: Ball 1-1: Foul Ball, location: 2F 1-2: Ball 2-2: Ball 3-2: Base on Balls José Zúñiga to third Bud Major to second
|
Batting: RHB Albert Rodríguez
|
0-0: Ball 1-0: Swinging Strike 1-1: Ball 2-1: Foul Ball, location: 2F 2-2: Strikes out swinging
|
Bottom of the 8th over - 0 run(s), 0 hit(s), 0 error(s), 3 left on base; Calgary 9 - Las Vegas 8 |
TOP OF THE 9TH |
Calgary Cowboys batting - Pitching for Las Vegas Stars : RHP Fred Ellis
|
Pitching: RHP Mike Drader
|
|
Now at SS: Joe Scott
|
|
Batting: LHB Freddy Herrera
|
0-0: Ball 1-0: Foul Ball, location: 2F 1-1: Ball 2-1: Foul Ball, location: 2F 2-2: Strikes out swinging
|
Batting: RHB Iain Liefting
|
0-0: Ball 1-0: Called Strike 1-1: Ball 2-1: SOLO HOME RUN (Line Drive, 7LD), Distance : 388 ft
|
Batting: RHB Jesús Hernández
|
0-0: Swinging Strike 0-1: Ball 1-1: Ball 2-1: Ground out 6-3 (Groundball, 6)
|
Batting: RHB Tom Bentley
|
0-0: Ball 1-0: Foul Ball, location: 2F 1-1: Foul Ball, location: 2F 1-2: Foul Ball, location: 2F 1-2: Strikes out swinging
|
Top of the 9th over - 1 run(s), 1 hit(s), 0 error(s), 0 left on base; Calgary 10 - Las Vegas 8 |
BOTTOM OF THE 9TH |
Las Vegas Stars batting - Pitching for Calgary Cowboys : RHP Mitsunari Jouda
|
Pitching: RHP Tatsuzo Harada
|
|
Batting: RHB Mike Mills
|
0-0: Foul Ball, location: 2F 0-1: Ground out 5-3 (Groundball, 5)
|
Batting: LHB Fernando De La Cruz
|
0-0: Fly out, F8 (Flyball, 8RXD)
|
Batting: RHB Matthieu Vancini
|
0-0: Foul Ball, location: 2F 0-1: Called Strike 0-2: Ball 1-2: Strikes out looking
|
Bottom of the 9th over - 0 run(s), 0 hit(s), 0 error(s), 0 left on base; Calgary 10 - Las Vegas 8 |
|